AoeStats
← Rafaelbdoo

Arabia

505994193Analyzed
2v2 RM · 22d ago on Sep 12, 2026· 45m 10s· 4 players
Game mode
Random Map
Map size
Medium (4 player)
Population
200
Speed
Normal
Resources
Standard
Victory
Conquest
Starting age
Dark Age
Ending age
Imperial Age
RankedLock teamsTeams togetherTeam positionsShared explorationLock speedFull tech treeHidden civsTurbo modeCheats
Victory
Defeat
🇲🇽 Lithuanians · Mexico
899
+16
🇧🇷 Slavs · Brazil
882
+43
🇦🇷 Italians · Argentina
1073
-23
🇦🇷 Franks · Argentina
739
-24
jorge_luis_sh
0:26 Loom
10:00 Feudal Age
12:02 Wheelbarrow
15:42 Castle Age
13:44 Horse Collar
16:22 Double-Bit Axe
19:30 Fervor
26:00 Scale Barding Armor
26:06 Forging
26:27 Bloodlines
26:59 Fletching
28:20 Hill Forts
29:18 Hand Cart
29:32 Bodkin Arrow
30:54 Iron Casting
30:31 Husbandry
32:17 Heavy Plow
32:11 Town Watch
32:54 Town Patrol
35:21 Bow Saw
40:17 Imperial Age
37:51 Scale Mail Armor
38:25 Chain Barding Armor
39:39 Light Cavalry
40:36 Chain Mail Armor
41:11 Herbal Medicine
41:00 Cavalier
41:57 Tower Shields
41:23 Elite Leitis
42:42 Plate Barding Armor
42:38 Masonry
42:08 Treadmill Crane
43:29 Chemistry
41:53 Elite Skirmisher
42:39 Thumb Ring
42:11 Pikeman
42:52 Squires
42:38 Arson
44:05 Two-Man Saw
44:04 Conscription
43:25 Paladin
45:11 Hoardings
44:39 Bracer
Rafaelbdoo
12:57 Feudal Age
13:54 Double-Bit Axe
16:36 Horse Collar
20:31 Castle Age
18:56 Scale Mail Armor
18:57 Loom
21:02 Pikeman
22:10 Squires
22:25 Light Cavalry
23:35 Bloodlines
23:57 Heavy Plow
25:08 Bow Saw
25:20 Husbandry
28:32 Loom
29:26 Wheelbarrow
28:36 Town Watch
30:13 Chain Mail Armor
30:07 Stone Mining
30:55 Detinets
31:27 Fletching
31:30 Gold Mining
34:35 Murder Holes
36:09 Hand Cart
35:55 Town Patrol
36:08 Masonry
36:23 Ballistics
39:56 Imperial Age
41:42 Conscription
42:00 Hoardings
41:55 Elite Boyar
mat14s
9:49 Feudal Age
20:54 Castle Age
23:20 Husbandry
24:30 Scale Barding Armor
27:41 Chain Barding Armor
28:55 Chain Barding Armor
37:35 Imperial Age
41:31 Chivalry
idtristan90
2:40 Loom
11:11 Feudal Age
11:45 Double-Bit Axe
11:49 Town Watch
14:54 Horse Collar
22:21 Castle Age
21:40 Padded Archer Armor
22:23 Fletching
23:15 Thumb Ring
24:18 Heavy Plow
23:57 Crossbowman
25:13 Pikeman
25:53 Squires
32:27 Wheelbarrow
37:15 Imperial Age
35:29 Hand Cart
35:55 Murder Holes
36:04 Town Patrol
36:12 Town Patrol
Connection lost

Rejoining the realm…

Still unreachable

The connection could not be restored.

Session expired

The server has moved on; the page needs a fresh start.